nyob, lawful female human Valkyrie ---- --- ----- |..-------.---- ----- --.|.-- ----|....--.|.....-----------...----- --.....| |..--......dMYp..............^....|.--- |.....-- |.......(..d@e......-------.....|.....| --- --....| |.........>--Bo)...-| -#....-|.....| --.| --....| --.....(...--'......#----#.....----...-----------------..| ---.....| ----...)...)..................................^.........| |......-- --- ---....................--..-###)#...--------------...| -----.....-| ---.-- ----...)..%..........----- -#|...| --.--- --..| ---..........|--....# ---##..)...........| --#.---....| |..| |....---...|.|.....#- --.).--.....--..| |........| |-.| |....| |...#.....#-- |.......-----|..-- |.......-- |..-- --..----....-....| --.....------ --..---- |....---- |..^| ---- |....`.....# |......--|..|---.....| --....| --.-- |-..........# --.-....|-..|.`......| |....-| --- |...--.......# #` ** |......|...........-- |.....| --..|---.....--##-#####-#-#.-#.##--<.^---...-- --.-...| ---- --................/....-- #...-- -#--- |....--- ----.---#-----------..| -#..# ------ --- ---- ---- nyob the Fighter Experience level: 8 Strength: 18 Dexterity: 15 Constitution: 17 Intelligence: 8 Wisdom: 10 Charisma: 8 Health: 0(80) Energy: 24(24) Def: -1 Gold: 707 Moves: 5936 Dungeon seed: 6olXoBO9maKCHz1L Game ID: nyob_1525892260 Your Inventory: Coins $ - 707 gold pieces Weapons a - the blessed rustproof +2 Excalibur (weapon in hand) p - a +0 long sword L - a blessed +0 dagger (in quiver) Q - 2 +0 daggers Armor e - an uncursed +3 small shield n - a blessed rusty +1 orcish helm q - an uncursed +1 ring mail M - an uncursed +0 dwarvish cloak O - a cursed -3 pair of iron shoes (being worn) Comestibles c - 10 uncursed food rations f - an uncursed C-ration h - an uncursed K-ration Scrolls F - an uncursed scroll of teleportation X - a blessed scroll of identify Potions k - an uncursed potion of gain ability B - a blessed potion of oil W - 2 uncursed potions of object detection Rings m - a blessed +2 ring of increase accuracy Wands G - a wand of striking (0:3) H - a wand of opening named direction, but no effects (0:7) Tools d - an uncursed skeleton key j - a magic marker (0:47) s - a +0 unicorn horn u - an uncursed magic whistle K - 19 uncursed tallow candles (0:200) P - an uncursed partly used wax candle (lit) (0:114) R - an uncursed sack S - a cursed wax candle (0:400) Z - an uncursed mirror Gems g - 2 uncursed worthless pieces of white glass i - 3 uncursed worthless pieces of violet glass o - 2 uncursed worthless pieces of green glass r - an uncursed amethyst stone t - an uncursed topaz stone w - an uncursed worthless piece of black glass y - 5 uncursed worthless pieces of red glass z - 2 uncursed worthless pieces of yellowish brown glass I - an uncursed emerald J - an uncursed sapphire N - 2 uncursed worthless pieces of orange glass U - a cursed worthless piece of red glass Y - 5 uncursed worthless pieces of blue glass Spells and supernatural/magical abilities: Name Level Category Fail Memory W - pray for help -- divine ? -- Your skills at the end: Fighting Skills Weapon Skills dagger [Skilled] long sword [Expert] Spellcasting Skills Final Attributes: You were piously aligned. You were cold resistant. You were poison resistant. You were level-drain resistant. You had automatic searching. You were stealthy. You were held by an owlbear. You were fast. You are dead. Vanquished creatures: a ghost a wumpus an earth elemental a shark a freezing sphere a tiger an ochre jelly a soldier a leprechaun an orc-captain 2 vampire bats a forest centaur 3 gnome kings a dog a dingo a dwarf lord a gray unicorn a raven a plains centaur 2 bugbears 3 water nymphs an orc shaman 2 ponies 11 gnome lords 2 gnomish wizards 2 giant ants a little dog 2 floating eyes a kitten 2 dwarves 6 hill orcs a rothe 2 rabid rats a giant bat 7 monkeys 2 werejackals 2 iguanas 3 killer bees an acid blob a gas spore a hobbit 8 manes 3 hobgoblins 2 cave spiders 4 yellow molds a green mold 64 gnomes 2 garter snakes a gnome zombie 2 geckos 5 jackals 2 foxes a kobold 2 goblins 6 sewer rats 3 grid bugs 4 bats 2 lichens a kobold zombie 6 newts 197 creatures vanquished. Voluntary challenges: You had been an atheist until turn 3797. You used a wielded weapon 170 times, starting on turn 102. You read items or engraved 6 times, starting on turn 894. You never genocided any monsters. You never polymorphed an object. You never changed form. You used no wishes. You never split a pudding. You never wrote Elbereth's name. You never violated your personal moral code. Dungeon overview: The Dungeons of Doom: levels 1 to 7 Level 1 a long staircase Level 2 a fountain Level 3 some fountains Level 4 a weapon shop stairs to The Gnomish Mines Level 5 a fountain Level 6 Level 7 some fountains The Gnomish Mines: levels 5 to 12 Level 5 stairs to The Dungeons of Doom Level 6 Level 7 some shops, a temple to Tyr, some fountains, a sink Level 8 Level 9 Level 10 Level 11 <- You were here Level 12 History has recorded: On T:1 you entered the Dungeons of Doom to retrieve the Amulet of Yendor! On T:207 you reached level 2 of The Dungeons of Doom. On T:396 you advanced to experience level 2. On T:516 you reached level 3 of The Dungeons of Doom. On T:737 you advanced to experience level 3. On T:835 you reached level 4 of The Dungeons of Doom. On T:1169 you reached level 5 of The Dungeons of Doom. On T:1954 you reached level 6 of The Dungeons of Doom. On T:2084 you advanced to experience level 4. On T:2094 you reached level 7 of The Dungeons of Doom. On T:2543 you advanced to experience level 5. On T:2654 you received advice from The Oracle. On T:2800 you reached level 1 of The Gnomish Mines. On T:3071 you advanced to experience level 6. On T:3228 you reached level 2 of The Gnomish Mines. On T:3608 you reached level 3 of The Gnomish Mines. On T:3827 you advanced to experience level 7. On T:4125 you reached level 5 of The Gnomish Mines. On T:4141 you reached level 4 of The Gnomish Mines. On T:4764 you reached level 6 of The Gnomish Mines. On T:4828 you advanced to experience level 8. On T:4995 you reached level 8 of The Gnomish Mines. On T:5025 you reached level 7 of The Gnomish Mines. Score breakdown: Gold: 707 ( 9694 points) Experience: 8 levels (14739 points) Exploration: 12 levels ( 25.00%) (14513 points) Discoveries: 24 items ( 9.76%) ( 9370 points) Valuables value: (no points given unless you survive) Artifact value: 4000 (12253 points) Variety of kills: 60 monsters ( 15.75%) (11905 points) Turncount: 5936 turns (-1608 points) Survival: died (score multiplied by 80%) Total score: 56692 Latest messages: You start removing your ring mail. You take off your dwarvish cloak. You take off your ring mail. You are now wearing a dwarvish cloak. You start removing your dwarvish cloak. You take off your dwarvish cloak. As you read the scroll, it disappears. The rabid rat bites! The freezing sphere explodes! You seem unaffected by it. The owlbear hits! (2x) The vampire bat bites! (2x) The ettin mummy hits! (2x) The vampire bat bites! (2x) You kill the rabid rat! The owlbear hits! (2x) The owlbear grabs you! The vampire bat bites! (2x) The ettin mummy hits! (2x) The vampire bat bites! (2x) You cannot escape from the owlbear! The warg bites! You die... Final status: Farvel nyob the Valkyrie, killed by a warg... You died in The Gnomish Mines on dungeon level 11 with 56692 points, and 707 pieces of gold, after 5936 moves. You were level 8 with a maximum of 80 hit points when you died.